 Dungeon Crawl Stone Soup version 0.29-a0-275-g389c0b56f3 (webtiles) character file.

Game seed: 12877898207269797745

119484 PaleWalker the Warrior (level 16, 0/145 HPs)
             Began as a Merfolk Gladiator on Mar 10, 2022.
             Was the Champion of Dithmenos.
             Killed by the air
             ... invoked by a wind drake
              (8 damage)
             ... on level 1 of the Shoals.
             The game lasted 01:49:36 (29650 turns).

PaleWalker the Warrior (Merfolk Gladiator)         Turns: 29650, Time: 01:49:37

Health: 0/145      AC: 15    Str: 14    XL:     16   Next: 79%
Magic:  30/32      EV: 23    Int: 11    God:    Dithmenos [******]
Gold:   2694       SH: 15    Dex: 22    Spells: 12/15 levels left

rFire   + + .      SeeInvis .   V - +5 demon trident (freeze)
rCold   + . .      Faith    .   W - +3 buckler {rC+}
rNeg    . . .      Spirit   .   q - +1 leather armour of Curiosity {Slay+3}
rPois   +          Reflect  +   c - +2 helmet
rElec   .          Harm     .   R - +1 cloak
rCorr   .          Rampage  .   y - +1 pair of gloves
Will    +....                   Q - +2 pair of boots
Stlth   +++++.....              Z - amulet of reflection
HPRegen 0.34/turn               I - ring "Lynytt" {rF+ rC+ Int+4}
MPRegen 0.23/turn               S - ring of Erynev {Fire rPois MP+9 Str-2 Slay+5}

@: very slightly contaminated, wreathed by umbra
A: (nimble swimmer 2), mertail
a: Renounce Religion, Shadow Step, Shadow Form


You were on level 1 of the Shoals.
You worshipped Dithmenos.
Dithmenos was exalted by your worship.
You visited 5 branches of the dungeon, and saw 23 of its levels.
You also visited: Bailey and Ice Cave.

You collected 3294 gold pieces.
You spent 600 gold pieces at shops.

Inventory:

Hand Weapons
 V - a +5 demon trident of freezing (weapon)
Missiles
 d - 2 throwing nets (quivered)
Armour
 c - a +2 helmet (worn)
 q - the +1 leather armour of Curiosity (worn) {Slay+3}
   (You found it on level 6 of the Dungeon)

   Slay:      It affects your accuracy & damage with ranged weapons and melee
   (+3).
 y - a +1 pair of gloves (worn)
 Q - a +2 pair of boots (worn)
 R - a +1 cloak (worn)
 W - a +3 buckler of cold resistance (worn)
Jewellery
 e - a ring of resist corrosion
 z - an amulet of regeneration
 F - a +6 ring of intelligence
 I - the ring "Lynytt" (left hand) {rF+ rC+ Int+4}
   (You found it on level 8 of the Dungeon)

   [ring of protection from fire]

   Int:       It affects your intelligence (+4).
   rF:        It protects you from fire.
   rC:        It protects you from cold.
 S - the ring of Erynev (right hand) {Fire rPois MP+9 Str-2 Slay+5}
   (You found it in an ice cave)

   [ring of fire]

   It enhances your fire magic.
   Str:       It affects your strength (-2).
   Slay:      It affects your accuracy & damage with ranged weapons and melee
   (+5).
   rF:        It protects you from fire.
   rC:        It makes you vulnerable to cold.
   rPois:     It protects you from poison.
   MP:        It affects your magic capacity (+9).
 Z - an amulet of reflection (around neck)
Wands
 i - a wand of paralysis (5)
 l - a wand of iceblast (21)
 p - a wand of acid (6)
 J - a wand of charming (3)
 K - a wand of flame (7)
 N - a wand of mindburst (5)
 U - a wand of polymorph (5)
Scrolls
 f - 3 scrolls of holy word
 n - a scroll of torment
 r - a scroll of silence
 s - 5 scrolls of vulnerability
 t - 2 scrolls of blinking
 u - 4 scrolls of magic mapping
 v - a scroll of noise
 w - 3 scrolls of fog
 x - 4 scrolls of fear
 B - 4 scrolls of amnesia
 L - a scroll of identify
 O - 2 scrolls of summoning
 P - 2 scrolls of teleportation
 Y - a scroll of immolation
Potions
 b - 4 potions of flight
 g - 5 potions of resistance
 h - 5 potions of mutation
 j - 6 potions of curing
 k - 6 potions of invisibility
 m - 5 potions of brilliance
 o - 6 potions of attraction
 A - 3 potions of degeneration
 C - a potion of haste
 D - 2 potions of magic
 G - 3 potions of berserk rage
 M - a potion of ambrosia
 X - 3 potions of might
Miscellaneous
 H - a box of beasts
 T - a lightning rod (4/4)


   Skills:
 + Level 18.7 Fighting
 * Level 16.5 Polearms
 - Level 2.0 Throwing
 - Level 5.5 Armour
 + Level 15.1 Dodging
 - Level 3.4 Stealth
 - Level 7.8 Shields
 - Level 5.8 Translocations
 - Level 10.0 Invocations
 - Level 8.6 Evocations


You had 12 spell levels left.
You knew the following spells:

 Your Spells              Type           Power      Damage    Failure   Level
a - Apportation           Tloc           24%        N/A       4%          1
b - Blink                 Tloc           24%        N/A       8%          2

Your spell library contained the following spells:

 Spells                   Type           Power      Damage    Failure   Level
 Lesser Beckoning         Tloc           12%        N/A       14%         3
 Animate Skeleton         Necr           0%         N/A       47%         1
 Foxfire                  Conj/Fire      0%         2x1d4     47%         1
 Pain                     Necr           0%         1d4       47%         1
 Shock                    Conj/Air       0%         1d3       47%         1
 Summon Small Mammal      Summ           0%         N/A       47%         1
 Corpse Rot               Necr/Air       0%         N/A       63%         2
 Poisonous Vapours        Pois/Air       0%         N/A       63%         2
 Manifold Assault         Tloc           12%        N/A       80%         5
 Call Canine Familiar     Summ           0%         N/A       85%         3
 Conjure Flame            Conj/Fire      0%         6-21      85%         3
 Dazzling Flash           Conj/Hex       0%         N/A       85%         3
 Ignite Poison            Fire/Tmut/Pois 0%         N/A       85%         3
 Inner Flame              Hex/Fire       0%         N/A       85%         3
 Mephitic Cloud           Conj/Pois/Air  0%         N/A       85%         3
 Ozocubu's Armour         Ice            0%         N/A       85%         3
 Stone Arrow              Conj/Erth      0%         3d7       85%         3
 Summon Guardian Golem    Hex/Summ       0%         N/A       85%         3
 Swiftness                Air            0%         N/A       85%         3
 Tukima's Dance           Hex            0%         N/A       85%         3
 Vampiric Draining        Necr           0%         2d6       85%         3
 Airstrike                Air            0%         N/A       99%         4
 Anguish                  Hex/Necr       0%         N/A       99%         4
 Animate Armour           Summ/Erth      0%         N/A       99%         4
 Animate Dead             Necr           0%         N/A       99%         4
 Flame Wave               Conj/Fire      0%         2d4       99%         4
 Agony                    Necr           0%         N/A       100%        5
 Alistair's Intoxication  Tmut/Pois      0%         N/A       100%        5
 Blade Hands              Tmut           0%         N/A       100%        5
 Borgnjor's Vile Clutch   Necr/Erth      0%         N/A       100%        5
 Freezing Cloud           Conj/Ice/Air   0%         6-21      100%        5
 Iskenderun's Battlesphe  Conj           0%         2d6       100%        5
 Lightning Bolt           Conj/Air       0%         1d11      100%        5
 Metabolic Englaciation   Hex/Ice        0%         N/A       100%        5
 Silence                  Hex/Air        0%         N/A       100%        5
 Death Channel            Necr           0%         N/A       100%        6
 Iron Shot                Conj/Erth      0%         9d1       100%        6
 Simulacrum               Ice/Necr       0%         N/A       100%        6
 Enfeeble                 Hex            0%         N/A       100%        7
 Spellforged Servitor     Conj/Summ      0%         N/A       100%        7
 Lehudib's Crystal Spear  Conj/Erth      0%         10d2      100%        8
 Polar Vortex             Ice            0%         N/A       100%        9


Dungeon Overview and Level Annotations

Branches:
Dungeon (12/15)            Temple (0/1) D:7            Lair (6/6) D:8
 Shoals (1/4) Lair:3       Spider (0/4) Lair:3        Slime (0/5) Lair:6
    Orc (2/2) D:11            Elf (2/3) Orc:2        Bailey (visited)
  IceCv (visited)

Altars:
Cheibriados
Dithmenos
Gozag
Hepliaklqana
Kikubaaqudgha
Makhleb
Okawaru
Qazlal
Ru
Sif Muna
Trog
Vehumet
Wu Jian
Xom
Yredelemnul
Zin
The Shining One
Beogh
Lugonu

Shops:
D:4 :   D:9 *   Orc:2 :*[   Elf:1 :

Portals:
Abyss: Lair:6

Annotations:
D:4 2 transporters, jlumianski's ghost, novice DsFi
D:5 3 runed translucent doors, DeviousJester's ghost, novice DrFi
D:7 exclusions: hound, scorpion and yak


Innate Abilities, Weirdness & Mutations

((You are very nimble when in or above water. (Stealth+, EV+, Speed+++)))
Your lower body shifts to a powerful aquatic tail in water.


Message History

You impale the merfolk aquamancer!! You freeze the merfolk aquamancer!
The merfolk aquamancer is almost dead.
The merfolk aquamancer casts a spell at you.
The shard of ice misses you.
The shard of ice hits the plant!!
The plant begins to die.
The wind drake flaps its wings at you. The air twists around and strikes you!
* * * LOW HITPOINT WARNING * * *
You impale the merfolk aquamancer!! You freeze the merfolk aquamancer.
You kill the merfolk aquamancer!
Dithmenos accepts your kill.
You hear a splash. x2
You impale the wind drake!! You freeze the wind drake.
You tail-slap the wind drake.
The wind drake is heavily wounded.
The wind drake completely misses you. The water nymph casts a spell at you.
The water swirls and strikes you!
* * * LOW HITPOINT WARNING * * *
Casting: Blink (safe; 8% risk of failure)
Confirm with . or Enter, or press ? or * to list all spells.
You blink.
Floosh!
Your +2 pair of boots unmelds from your body.
A nearby plant withers and dies.
You feel stable enough to blink again.
You perforate the plant like a sieve!!!
The plant begins to die.
You freeze the plant.
The plant is moderately damaged.
Your shadow hits the plant with a demon trident.
Casting: Blink (safe; 8% risk of failure)
Confirm with . or Enter, or press ? or * to list all spells.
You miscast Blink.
You are very lightly contaminated with residual magic.
Nothing appears to happen.
The wind drake exhales a fierce blast of wind!
You are blown backwards!
The wind drake flaps its wings at you. The air twists around and strikes you!
You die...

≈≈≈≈PP≈≈≈≈≈≈≈≈≈≈≈≈≈≈≈≈≈≈....≈≈.
≈≈≈PPPP≈.....≈≈≈≈≈≈≈≈≈≈(≈..≈≈≈.
≈≈P≈≈P≈....≈.≈≈≈≈≈≈≈≈≈≈≈≈≈≈≈≈..
≈≈P≈≈≈.P...≈m.≈≈≈≈≈≈≈≈≈≈≈≈.....
≈≈≈≈≈≈......≈mk≈≈≈≈≈≈≈≈≈≈......
≈≈≈≈≈...#####....≈≈≈≈≈≈≈≈..≈...
≈≈≈≈≈≈....###P...≈≈≈≈≈≈≈≈≈≈....
≈≈≈≈≈≈≈....P.....≈≈≈≈≈≈≈≈.##...
≈≈≈≈≈≈≈≈...#..@..≈≈≈≈≈≈≈≈..#...
≈≈≈≈≈≈≈≈≈>.##.≈≈≈.###≈≈≈≈≈.....
≈≈≈≈≈≈≈≈≈≈...≈≈≈≈..##≈≈≈≈≈.....
≈≈≈≈≈≈≈≈≈≈≈..≈≈≈≈≈...≈≈≈≈.≈≈≈≈≈
≈≈≈≈≈≈≈≈≈≈≈≈≈≈≈≈≈≈≈≈≈≈≈≈≈≈≈≈≈≈≈
≈≈≈≈≈≈≈≈≈≈≈≈≈≈≈≈≈≈≈≈≈≈≈≈≈≈≈≈≈≈≈
≈≈≈≈≈≈≈≈≈≈≈≈≈≈≈≈≈≈≈≈≈≈≈≈≈†≈≈≈
≈≈≈≈≈≈≈≈≈≈≈≈≈≈≈≈≈≈≈≈≈≈≈≈≈≈≈≈≈
≈≈≈≈≈≈≈≈≈≈≈≈≈≈≈≈≈≈≈≈≈≈≈≈≈≈≈≈


You could see a wind drake (repels missiles, catching breath) and 2 water
nymphs.

Vanquished Creatures
  An orc warlord (Orc:2)
  A deep elf annihilator (Elf:2)
  A merfolk impaler (Shoals:1)
  Erolcha (D:11)
  Harold (Lair:2)
  The ghost of SirDiesAlot the Spear-Bearer, a journeyman SpEn of Dithmenos (Orc:2)
  A hydra (D:10)
  A catoblepas (Lair:4)
  2 boulder beetles
  2 centaur warriors (D:10)
  A satyr (Shoals:1)
  3 merfolk aquamancers (Shoals:1)
  10 death yaks
  An anaconda (Lair:4)
  3 two-headed ogres
  11 dancing weapons
  2 tengu warriors (Orc:2)
  Erica (D:11)
  An orc high priest (Orc:2)
  3 thrashing horrors (Lair:6)
  Nergalle (Orc:1)
  Amaemon (Lair:2)
  9 deep elf knights
  A fire crab (Lair:6)
  A skeletal warrior (D:10)
  2 sea snakes (Shoals:1)
  2 bog bodies (IceCv)
  6 deep elf archers
  Pikel (D:9)
  4 orc knights
  15 deep elf pyromancers
  2 ugly things (Lair:6)
  16 deep elf zephyrmancers
  A cyclops (D:10)
  5 orc sorcerers
  An oklob plant (Lair:6)
  8 fauns (Shoals:1)
  2 manticores (Shoals:1)
  A merfolk siren (Shoals:1)
  4 elephants (Lair:5)
  8 black mambas
  Joseph (D:7)
  An ice statue (IceCv)
  An orange demon (Lair:2)
  A water nymph (Shoals:1)
  19 cane toads
  11 komodo dragons
  9 rime drakes
  A freezing wraith (D:10)
  A tengu conjurer (D:10)
  An efreet (D:10)
  3 anaconda simulacra (IceCv)
  5 merfolk (Shoals:1)
  A troll (shapeshifter) (Lair:6)
  2 ancient zymes (Lair:6)
  3 polar bears
  4 trolls
  A hornet (D:6)
  2 slime creatures (Lair:5)
  2 wind drakes (Shoals:1)
  20 blink frogs
  2 snapping turtles (Shoals:1)
  A jumping spider (Lair:3)
  3 large abominations (Lair:6)
  3 air elementals
  3 water elementals (Shoals:1)
  Sigmund (D:2)
  4 ynoxinuls (Lair:6)
  A shadow (D:11)
  2 dire elephant simulacra (IceCv)
  A fire elemental (Elf:2)
  12 basilisks
  11 wyverns
  2 wraiths
  63 yaks
  2 steam dragons
  Grum (D:11)
  A chaos spawn (Lair:6)
  Edmund (D:5)
  6 wargs
  26 orc warriors
  2 black bears
  An ice beast (D:6)
  21 water moccasins
  A sky beast (D:7)
  7 ogres
  A boggart (D:10)
  26 wolves
  4 centaurs
  Blork the orc (D:4)
  4 kobold brigands
  A necrophage (D:6)
  13 bullfrogs
  A gnoll sergeant (D:9)
  A scorpion (D:7)
  2 cane toad simulacra (IceCv)
  An earth elemental (Elf:1)
  5 two-headed ogre simulacra (IceCv)
  11 small abominations (Lair:6)
  4 killer bees (D:9)
  5 howler monkeys
  A crimson imp (D:5)
  15 orc priests
  5 hounds
  5 jellies
  24 orc wizards
  Terence (D:2)
  5 iguanas
  8 troll simulacra (IceCv)
  4 hell rats (Lair:4)
  2 polar bear simulacra (IceCv)
  13 spriggan simulacra (IceCv)
  3 wolf simulacra (IceCv)
  2 naga simulacra (IceCv)
  7 adders
  14 gnolls
  A shadow imp (D:7)
  10 white imps
  5 ufetubi
  3 worms
  2 dart slugs (D:2)
  67 orcs
  11 ball pythons
  7 endoplasms
  2 giant cockroaches
  5 goblins
  6 hobgoblins
  2 jackals (D:1)
  26 kobolds
  3 quokkas
  6 bats
  5 frilled lizards
  A goblin skeleton (D:5)
  4 hobgoblin zombies (D:5)
  A kobold skeleton (D:5)
  An orc zombie (D:5)
  2 rats
765 creatures vanquished.

Vanquished Creatures (collateral kills)
  A hydra (Lair:6)
  2 blink frogs (Lair:6)
3 creatures vanquished.

Vanquished Creatures (others)
  A water moccasin (Lair:6)
  54 fungi
  48 plants
103 creatures vanquished.

Grand Total: 871 creatures vanquished

Notes
Turn   | Place    | Note
-------+----------+-------------------------------------------
     0 | D:1      | PaleWalker the Merfolk Gladiator began the quest for the
                  | Orb.
     0 | D:1      | Reached XP level 1. HP: 16/16 MP: 1/1
   202 | D:1      | Reached XP level 2. HP: 23/23 MP: 2/2
   353 | D:1      | Found a faded altar of an unknown god.
   364 | D:1      | Prayed at the altar of an unknown god.
   364 | D:1      | Became a worshipper of Dithmenos the Shadowed
   364 | D:1      | Reached * piety under Dithmenos
   565 | D:1      | Reached skill level 5 in Polearms
   630 | D:1      | Reached XP level 3. HP: 28/28 MP: 3/3
  1131 | D:2      | Reached skill level 3 in Fighting
  1341 | D:2      | Noticed Terence
  1346 | D:2      | Killed Terence
  1347 | D:2      | Reached XP level 4. HP: 35/35 MP: 4/4
  1405 | D:2      | Noticed Sigmund
  1410 | D:2      | Killed Sigmund
  1411 | D:2      | Reached skill level 4 in Fighting
  1411 | D:2      | Reached XP level 5. HP: 42/42 MP: 5/5
  1411 | D:2      | Reached XP level 6. HP: 48/48 MP: 6/6
  1797 | D:3      | Reached ** piety under Dithmenos
  2247 | D:3      | Found a basalt altar of Yredelemnul.
  2760 | D:4      | Found a transporter.
  2760 | D:4      | Noticed jlumianski's ghost (novice DsFi)
  2826 | D:4      | Found a transporter.
  2867 | D:4      | Found Zuezurr's Book Emporium.
  2887 | D:4      | Noticed Blork the orc
  2897 | D:4      | Killed Blork the orc
  3021 | D:4      | Found a hazy altar of Hepliaklqana.
  3272 | D:5      | Entered Level 5 of the Dungeon
  3316 | D:5      | Found a runed translucent gate.
  3316 | D:5      | Found a runed translucent gate.
  3317 | D:5      | Found a runed translucent gate.
  3321 | D:5      | Noticed DeviousJester's ghost (novice DrFi)
  3466 | D:5      | Reached XP level 7. HP: 46/55 MP: 7/7
  3604 | D:5      | Reached skill level 5 in Fighting
  3700 | D:5      | Found a glowing golden altar of the Shining One.
  4096 | D:5      | Reached skill level 5 in Dodging
  4195 | D:5      | Noticed Edmund
  5020 | D:6      | Reached *** piety under Dithmenos
  5208 | D:6      | Reached skill level 6 in Fighting
  5208 | D:6      | Reached XP level 8. HP: 52/64 MP: 8/8
  5378 | D:5      | Killed Edmund
  5379 | D:5      | Reached skill level 10 in Polearms
  5835 | D:6      | Identified the +1 leather armour of Curiosity {Slay+3}
  5991 | D:6      | Found an ancient bone altar of Kikubaaqudgha.
  6123 | D:7      | Found a staircase to the Ecumenical Temple.
  6134 | D:7      | Reached skill level 7 in Fighting
  6234 | D:7      | Noticed a hornet
  6243 | D:7      | Noticed a yak
  6376 | D:7      | Reached XP level 9. HP: 60/72 MP: 9/9
  6440 | D:7      | Paralysed by a hornet for 1 turns
  6448 | D:6      | Paralysed by a hornet for 2 turns
  6455 | D:6      | Killed a hornet
  6913 | D:7      | Reached skill level 8 in Fighting
  7015 | D:7      | Found a bloodstained altar of Trog.
  7015 | D:7      | Found a shadowy altar of Dithmenos.
  7238 | D:7      | Noticed Joseph
  7252 | D:7      | Killed Joseph
  7325 | D:7      | Found a shimmering blue altar of Sif Muna.
  7556 | D:8      | Found a shimmering altar of Xom.
  7585 | D:8      | Found a flagged portal.
  7668 | Bailey   | Entered a bailey
  7812 | Bailey   | Reached **** piety under Dithmenos
  8015 | D:8      | Found a sacrificial altar of Ru.
  8041 | D:8      | Reached skill level 9 in Fighting
  8059 | D:8      | Reached XP level 10. HP: 51/83 MP: 10/10
  8715 | D:8      | Found a staircase to the Lair.
  8846 | D:8      | Identified the ring "Lynytt" {rF+ rC+ Int+4}
  9144 | D:9      | Found a radiant altar of Vehumet.
  9451 | D:9      | Noticed a two-headed ogre
  9496 | D:9      | Found Gozag's Platinum Reserve.
  9497 | D:9      | Found an opulent altar of Gozag.
  9554 | D:9      | Reached skill level 10 in Fighting
  9961 | D:9      | Found a stormy altar of Qazlal.
 10081 | D:9      | Noticed Pikel
 10093 | D:9      | Killed Pikel
 10094 | D:9      | Reached skill level 15 in Polearms
 10102 | D:9      | Killed a two-headed ogre
 10103 | D:9      | Reached XP level 11. HP: 92/92 MP: 11/11
 10174 | D:10     | Entered Level 10 of the Dungeon
 10373 | D:10     | Reached skill level 11 in Fighting
 10559 | D:10     | Reached skill level 1 in Evocations
 10686 | D:10     | Noticed a deep elf pyromancer
 10686 | D:10     | Noticed a centaur warrior
 10686 | D:10     | Noticed a six-headed hydra
 10686 | D:10     | Noticed a skeletal warrior
 10686 | D:10     | Noticed a centaur warrior
 10696 | D:10     | Killed a centaur warrior
 10701 | D:10     | Killed a centaur warrior
 10702 | D:10     | Noticed an orc knight
 10707 | D:10     | Found a burning altar of Makhleb.
 11024 | D:10     | Found a snail-covered altar of Cheibriados.
 11221 | D:10     | Noticed a cyclops
 11398 | Lair:1   | Entered Level 1 of the Lair of Beasts
 11545 | Lair:1   | Reached skill level 5 in Evocations
 11792 | Lair:1   | Reached skill level 12 in Fighting
 11792 | Lair:1   | Reached skill level 1 in Stealth
 11966 | Lair:1   | Found a shimmering altar of Xom.
 11997 | Lair:1   | Reached skill level 10 in Dodging
 12356 | Lair:1   | Reached XP level 12. HP: 102/102 MP: 12/12
 12986 | Lair:2   | Learned a level 1 spell: Apportation
 12986 | Lair:2   | Noticed Harold
 13000 | Lair:2   | Killed Harold
 13147 | Lair:2   | Found a frozen archway.
 13179 | IceCv    | Entered an ice cave
 13267 | IceCv    | Reached ***** piety under Dithmenos
 13458 | IceCv    | Identified the +0 chain mail of Past Mistakes {Harm
                  | *Corrode rElec Slay+6}
 13992 | IceCv    | Reached skill level 13 in Fighting
 14203 | IceCv    | Identified the ring of Erynev {Fire rPois MP+9 Str-2
                  | Slay+5}
 14211 | IceCv    | Identified the +4 long sword of Symmetry {vamp, *Rage rElec
                  | Str+6 SInv}
 14681 | Lair:2   | Reached skill level 1 in Shields
 15042 | Lair:2   | Noticed Amaemon
 15049 | Lair:2   | Killed Amaemon
 15363 | Lair:3   | Found a staircase to the Shoals.
 15416 | Lair:3   | Found a hole to the Spider Nest.
 15460 | Lair:3   | Noticed a death yak
 15461 | Lair:3   | Noticed a death yak
 15465 | Lair:3   | Noticed a death yak
 15465 | Lair:3   | Noticed a death yak
 15465 | Lair:3   | Noticed a death yak
 15470 | Lair:3   | Noticed a death yak
 15875 | Lair:3   | Reached skill level 5 in Shields
 15977 | Lair:3   | Reached skill level 1 in Translocations
 15977 | Lair:3   | Reached XP level 13. HP: 112/112 MP: 13/13
 16220 | Lair:3   | Reached skill level 14 in Fighting
 16914 | Lair:4   | Reached ****** piety under Dithmenos
 16951 | Lair:4   | Reached skill level 5 in Translocations
 17439 | Lair:4   | Reached skill level 1 in Invocations
 17946 | Lair:5   | Reached skill level 15 in Fighting
 18288 | Lair:5   | Reached skill level 5 in Invocations
 18461 | Lair:5   | Reached XP level 14. HP: 100/123 MP: 16/18
 18797 | Lair:6   | Entered Level 6 of the Lair of Beasts
 19252 | Lair:6   | Found a staircase to the Slime Pits.
 20564 | Lair:6   | Reached skill level 16 in Fighting
 20813 | Lair:6   | Reached skill level 10 in Invocations
 21048 | Lair:6   | Found a corrupted altar of Lugonu.
 21048 | Lair:6   | Found a one-way gate to the infinite horrors of the Abyss.
 21083 | Lair:6   | Identified the +5 plate armour of Pipneasi {Dex+3}
 21736 | Lair:6   | Identified the +1 scimitar of Qiobev {vorpal, SInv}
 21963 | D:10     | Reached XP level 15. HP: 97/132 MP: 22/22
 22174 | D:10     | Found an ornate altar of the Wu Jian Council.
 22181 | D:10     | Got Sif Muna's Collected Works on the Birds
 22431 | D:10     | Found a glowing silver altar of Zin.
 22583 | D:11     | Noticed Grum
 22583 | D:11     | Noticed Erolcha
 22641 | D:11     | Found a staircase to the Orcish Mines.
 22647 | D:11     | Noticed Erica
 22658 | D:11     | Killed Erica
 22756 | D:11     | Killed Grum
 22766 | D:11     | Killed Erolcha
 22997 | D:11     | Found a hazy altar of Hepliaklqana.
 23200 | Orc:1    | Entered Level 1 of the Orcish Mines
 23416 | Orc:2    | Entered Level 2 of the Orcish Mines
 23416 | Orc:2    | Found a staircase to the Elven Halls.
 23463 | Orc:2    | Reached skill level 17 in Fighting
 23496 | Orc:2    | Noticed an orc warlord
 23792 | Orc:2    | Paralysed by an orc sorcerer for 5 turns
 23823 | Orc:2    | Found Horradai's Antique Armour Boutique.
 23823 | Orc:2    | Found Petuthrung's Book Shop.
 23834 | Orc:2    | Found Pyutaicw's General Store.
 23865 | Orc:2    | Found Tyhics's Antique Armour Boutique.
 24048 | Orc:2    | Bought a pair of runed gloves for 210 gold pieces
 24093 | Orc:2    | Killed an orc warlord
 24232 | Orc:2    | Found a runed translucent gate.
 24232 | Orc:2    | Found a runed translucent gate.
 24232 | Orc:2    | Found a runed translucent gate.
 24233 | Orc:2    | Found an iron altar of Okawaru.
 24233 | Orc:2    | Noticed SirDiesAlot's ghost (journeyman SpEn)
 24246 | Orc:2    | Killed SirDiesAlot's ghost
 24810 | Orc:2    | Identified the +3 quick blade of Conservatism {flame,
                  | Int+3}
 24977 | Orc:1    | Noticed Nergalle
 24983 | Orc:1    | Killed Nergalle
 25246 | Orc:1    | You fall into a shaft and drop 1 floor!
 25335 | Elf:1    | Entered Level 1 of the Elven Halls
 25643 | Elf:1    | Paralysed by an air elemental for 1 turns
 26385 | Elf:1    | Reached XP level 16. HP: 143/143 MP: 23/23
 26427 | Elf:1    | Reached skill level 1 in Armour
 26503 | Elf:1    | Found Yzijen's Book Emporium.
 26511 | Elf:1    | Bought a book of Spatial Translocations for 390 gold pieces
 26514 | Elf:1    | Learned a level 2 spell: Blink
 26549 | Elf:1    | Reached skill level 18 in Fighting
 27064 | Elf:2    | Paralysed by an air elemental for 1 turns
 27070 | Elf:2    | Paralysed by an air elemental for 1 turns
 27071 | Elf:2    | HP: 4/143 [deep elf zephyrmancer/bolt of lightning (19)]
 27071 | Elf:2    | HP: 1/143 [air elemental (3)]
 27073 | Elf:2    | Paralysed by an air elemental for 1 turns
 27075 | Elf:2    | Paralysed by an air elemental for 1 turns
 28747 | Lair:3   | Reached skill level 5 in Armour
 28758 | Shoals:1 | Entered Level 1 of the Shoals
 29132 | Shoals:1 | Reached skill level 15 in Dodging
 29428 | Shoals:1 | Identified a scroll of acquirement
 29582 | Shoals:1 | Acquired 666 gold pieces
 29642 | Shoals:1 | HP: 6/145 [water nymph/the raging water (9)]
 29650 | Shoals:1 | Killed from afar by a wind drake

Illustrated notes

Levels and vault maps discovered:
D:1:      minmay_arrival_floating_metal, layout_loops_ring,
          shapermc_ecumenical_altar_venn
D:2:      kennysheep_six_static_rooms, layout_loops_ring, uniq_sigmund,
          uniq_terence
D:3:      layout_basic, mainiacjoe_overflow_alcove_1, kennysheep_generic_room_16
D:4:      layout_basic, mainiacjoe_overflow_six_doors_small, serial_shops, shop,
          gammafunk_ghost_mausoleum, uniq_blork_the_orc
D:5:      layout_gridville, nicolae_tso_besieged_by_evil,
          gammafunk_ghost_necromancy, uniq_edmund
D:6:      layout_rooms, mainiacjoe_overflow_tiny_flanked,
          amcnicky_mini_pool_small, chequers_serial_rivers_micro_d
D:7:      layout_rooms, nicolae_sif_muna_little_library, jmf_multi_god_temple,
          minmay_temple_entry_sparse_star, dreamdust_wishing_well,
          minmay_chambers_of_fives, uniq_joseph
D:8:      layout_loops_ring, nicolae_ru_sacrificial_ziggurat,
          mainiacjoe_overflow_catwalk, lair_entry_dummy, enter_bailey_4,
          chequers_serial_rivers_room_b
D:9:      layout_basic, marbit_many_paths, nicolae_gozag_zags_fifth_avenue,
          vehumet_crystals, uniq_pikel
D:10:     layout_cave_pods, nicolae_wu_jian_glorious_leap, cheibriados_altar_1,
          kennysheep_mini_moat, overflow_temple_1_default, minivault_28
D:11:     layout_roguey, minmay_orc_entry_guard_dogs,
          nicolae_hepliaklqana_hazy_memory, uniq_grum, uniq_erolcha, uniq_erica
D:12:     layout_irregular_city
Lair:1:   layout_cave_pods, chequers_serial_rivers_room_b,
          chequers_serial_rivers_room_b, lemuel_altar_in_water2,
          beast_lair_carwin_11, serial_bayou_shore_b
Lair:2:   layout_regular_city, portal_ice_cave_entry_pillars_2, st_stairs_8,
          uniq_harold, uniq_amaemon
Lair:3:   hellmonk_ruined_rings, layout_long_grid, elwin_shoals_entry_rocks,
          spider_nest_entry_rubble
Lair:4:   beast_lair_carwin_large_2, layout_hall_layers, special_room
          [special_room_mythical_zoo], chequers_serial_rivers_micro_e
Lair:5:   layout_concentric_octagons, serial_forest,
          infiniplex_forest_straight_1, infiniplex_forest_clump_double,
          infiniplex_forest_zigzag_1, infiniplex_forest_corner_2,
          infiniplex_forest_straight_5, infiniplex_forest_lined_3,
          infiniplex_forest_straight_3, nicolae_lair_lil_pond, minivault_11
Lair:6:   hellmonk_lair_end_abyssal_woods, layout_loops_ring,
          minmay_slime_entry_pillars, lemuel_fruit_tree, grunt_megastairs_5
Shoals:1: cheibrodos_shoals_oceanic_diplomacy, layout_shoals,
          nicolae_shoals_water_shrine
Orc:1:    layout_diamond_mine, uniq_nergalle
Orc:2:    st_orc_mages, layout_caves, gammafunk_ghost_fury_of_okawaru,
          basic_altar
Elf:1:    eino_elf_arrival_customs, layout_geoelf_octagon, serial_shops,
          nicolae_shop_advertising_works [nicolae_subvault_shop_adworks],
          hangedman_elven_crosses_minicolossus, grunt_ministairs_6
Elf:2:    elven_hall_of_blades_hangedman_alternative
          [nicolae_blade_entry_splitting_headache], layout_geoelf_octagon,
          serial_shops, nicolae_lakefront_shop

Skill      XL: |  1  2  3  4  5  6  7  8  9 10 11 12 13 14 15 16 |
---------------+-------------------------------------------------+-----
Polearms       | 5 6 7 8 9 11 12 15 16 | 16.5
Fighting       | 3 4 6 7 9 10 12 13 15 16 17 18 | 18.7
Dodging        | 5 9 10 13 14 15 | 15.1
Evocations     | 5 7 8 |  8.6
Stealth        | 3 |  3.4
Shields        | 5 7 |  7.8
Translocations | 1 5 |  5.8
Invocations    | 5 10 | 10.0
Armour         | 5 |  5.5
Throwing       | |  2.0

Action                   |  1- 3 |  4- 6 |  7- 9 | 10-12 | 13-15 | 16-18 || total
-------------------------+-------+-------+-------+-------+-------+-------++-------
Melee: Trident           |   100 |    70 |   312 |       |       |       ||   482
       Punch             |     1 |     1 |     3 |       |       |       ||     5
       Scythe            |       |    36 |       |       |       |       ||    36
       Halberd           |       |       |    89 |   408 |       |       ||   497
       Demon trident     |       |       |       |    84 |  1129 |   287 ||  1500
       Tailslap          |       |       |       |       |       |     6 ||     6
Throw: Throwing net      |       |       |     2 |     1 |     4 |       ||     7
 Cast: Blink             |       |       |       |       |       |     4 ||     4
Invok: Shadow Step       |       |       |     1 |       |       |       ||     1
Evoke: Wand              |     2 |     4 |     2 |     3 |       |       ||    11
       Box of beasts     |       |       |       |     2 |     1 |       ||     3
       Lightning rod     |       |       |       |     3 |     3 |       ||     6
  Use: Scroll            |       |       |    15 |    11 |    17 |     4 ||    47
       Potion            |       |       |     1 |     2 |     5 |     6 ||    14
 Stab: Sleeping          |     1 |       |    12 |    16 |    23 |     9 ||    61
       Held in net/web   |       |       |     1 |     1 |     2 |       ||     4
       Distracted        |       |       |       |       |    11 |     1 ||    12
Armor: Ring mail         |    22 |       |       |       |       |       ||    22
       Scale mail        |       |    24 |    55 |       |       |       ||    79
       Leather armour    |       |       |    38 |    40 |    75 |    21 ||   174
Dodge: Dodged            |    59 |    66 |   307 |   222 |   444 |    96 ||  1194
Block: Buckler           |       |       |       |    26 |   336 |    88 ||   450
       Reflection        |       |       |       |       |    11 |    16 ||    27

Table legend: (Time is in decaauts)
 A = Elapsed time spent in this place.
 B = Non-inter-level travel time spent in this place.
 C = Inter-level travel time spent in this place.
 D = Time resting spent in this place.
 E = Time spent auto-exploring this place.
 F = Levels seen in this place.
 G = Mean time per level.
                   A        B        C        D        E       F      G
               +--------+--------+--------+--------+--------+-----+--------+
         Total |  28856 |  27123 |   1733 |   5274 |  15707 |  25 | 1154.2 |
       Dungeon |  12460 |  11748 |    712 |   1438 |   8008 |  12 | 1038.3 |
          Lair |   8830 |   8214 |    616 |   1693 |   4650 |   6 | 1471.7 |
        Shoals |    743 |    743 |      0 |      3 |    506 |   1 |  743.0 |
  Orcish Mines |   2072 |   1760 |    312 |    404 |    839 |   2 | 1036.0 |
   Elven Halls |   3007 |   2914 |     93 |   1224 |   1171 |   2 | 1503.5 |
        Bailey |    303 |    303 |      0 |      0 |      0 |   1 |  303.0 |
      Ice Cave |   1438 |   1438 |      0 |    511 |    532 |   1 | 1438.0 |
               +--------+--------+--------+--------+--------+-----+--------+

Top non-repeatable levels by time:
  Lair:5: 2081 daAuts
  Lair:6: 1717 daAuts
    D:10: 1689 daAuts
  Lair:1: 1667 daAuts
   Elf:1: 1530 daAuts
     D:6: 1529 daAuts
   Orc:2: 1520 daAuts
   Elf:2: 1476 daAuts
     D:5: 1445 daAuts
   IceCv: 1438 daAuts
     D:7: 1273 daAuts
     D:9: 1262 daAuts
  Lair:2: 1232 daAuts
  Lair:4: 1129 daAuts
     D:8: 1124 daAuts
